 Dungeon Crawl Stone Soup version 0.31.0-12-g77e489cdc1 (webtiles) character file.

Game seed: 3478772286738983756

326 Gadfly the Trooper (level 6, -2/38 HPs)
             Began as a Gargoyle Fighter on Mar 7, 2024.
             Slain by Dowan
             ... wielding a +0 dagger
              (3 damage)
             ... on level 4 of the Dungeon.
             The game lasted 00:06:26 (2586 turns).

Gadfly the Trooper (Gargoyle Fighter)               Turns: 2586, Time: 00:06:26

Health: -2/38      AC: 14    Str: 26    XL:     6   Next: 49%
Magic:  8/8        EV:  9    Int:  8    God:
Gold:   307        SH:  9    Dex: 11    Spells: 5/5 levels left

rFire   . . .        a - +0 flail
rCold   . . .        c - +0 buckler
rNeg    + . .        b - +0 scale mail
rPois   ∞            d - +0 helmet
rElec   +            e - +1 cloak
rCorr   .            (no gloves)
SInv    .            (no boots)
Will    .....        g - amulet of reflection Stlth
                     i - +6 ring of strength
HPRegen 0.26/turn    l - ring of flight
MPRegen 0.11/turn

%: reflection
@: about to teleport, flying
A: sickness immunity, AC +4, negative energy resistance 1, electricity
resistance, torment resistance 1, petrification resistance
a: no special abilities


You were on level 4 of the Dungeon.
You visited 1 branch of the dungeon, and saw 4 of its levels.

You collected 307 gold pieces.

Inventory:

Hand Weapons
 a - a +0 flail (weapon)
Armour
 b - a +0 scale mail (worn)
 c - a +0 buckler (worn)
 d - a +0 helmet (worn)
 e - a +1 cloak (worn)
Jewellery
 g - an amulet of reflection (around neck)
 i - a +6 ring of strength (left hand)
 l - a ring of flight (right hand)
Scrolls
 f - 3 scrolls of enchant armour
 h - 3 scrolls of teleportation
 j - 2 scrolls of identify


   Skills:
 + Level 4.1 Fighting
 * Level 3.5 Maces & Flails
 + Level 3.9 Armour
 + Level 3.9 Shields
 * Level 2.9 Invocations
 * Level 2.4 Evocations


You had 5 spell levels left.
You didn't know any spells.
Your spell library contained the following spells:

 Spells                   Type           Power      Damage    Failure   Level
 Sandblast                Erth           0%         2d4       75%         1
 Passwall                 Erth           0%         N/A       98%         3
 Stone Arrow              Conj/Erth      0%         3d7       98%         3
 Brom's Barrelling Bould  Conj/Erth      0%         2d3       100%        4


Dungeon Overview and Level Annotations

Branches:
Dungeon (4/15)
 Temple: D:4-7

Altars:

Shops:
D:1 (

Portals:
Sewer: D:4

Annotations:
D:4 Dowan, Duvessa


Innate Abilities, Weirdness & Mutations

You are immune to sickness and miasma.
Your stone body is resilient. (AC +4)
You are immune to poison.
You resist negative energy. (rN+)
You are resistant to electric shocks. (rElec)
You are resistant to unholy torment.
You are immune to petrification.


Message History

You hit Duvessa but do no damage.
Duvessa is moderately wounded.
Dowan gestures at Duvessa while chanting.
Duvessa seems to speed up.
Duvessa zaps a wand.
The puff of flame hits you but does no damage.
Duvessa zaps a wand.
The puff of flame hits you!
You are too injured to fight recklessly!
You are too injured to fight recklessly!
You are too injured to fight recklessly!
You are too injured to fight recklessly!
You are too injured to fight recklessly!
You are too injured to fight recklessly!
You are too injured to fight recklessly!
You are too injured to fight recklessly!
You are too injured to fight recklessly!
You are too injured to fight recklessly!
You are too injured to fight recklessly!
You are too injured to fight recklessly!
You are too injured to fight recklessly!
You are too injured to fight recklessly!
You are too injured to fight recklessly!
You are too injured to fight recklessly!
You are too injured to fight recklessly!
You are too injured to fight recklessly!
You are too injured to fight recklessly!
Unknown command.
You hit Duvessa but do no damage.
Duvessa is moderately wounded.
Duvessa hits you with a +0 short sword. x2
You aren't carrying any potions.
Unknown command.
You aren't carrying any potions.
Okay, then.
Duvessa zaps a wand.
The puff of flame hits you!
* * * LOW HITPOINT WARNING * * *
Dowan's robes are whipped around by a magical breeze.
You aren't carrying any potions.
As you read the scroll of teleportation, it crumbles to dust.
You feel strangely unstable. Dowan hits you with a +0 dagger.
You die...

#.~≈.....~~. #~
≈.....≈~. #. #.
#≈~≈~≈# #..
#.##~~~~~##. #..##
##...........
.###...#
#...#........
.......#
###w.........
......###.e...##.....
... #......@e####
...#. ... ###....###
..# ....# #..### ...#
..... ##...## .#.
.....## #))...## ..
#...####.<....# ...
#..).#).##....#
....##.)))).# #....#
...........## #....#


You could see Duvessa (fast), Dowan and a ribbon worm.

Vanquished Creatures
  A phantom (D:3)
  An orc priest (D:4)
  An iguana (D:2)
  An orc wizard (D:4)
  Robin (D:4)
  4 gnolls (D:4)
  An adder (D:2)
  4 dart slugs
  3 ribbon worms
  4 orcs
  6 bats
  6 endoplasms
  2 giant cockroaches (D:3)
  9 hobgoblins
  4 jackals (D:3)
  3 kobolds
  4 quokkas
  6 ball pythons
  4 frilled lizards
  20 goblins
  5 rats
90 creatures vanquished.

Notes
Turn   | Place    | Note
-------+----------+-------------------------------------------
     0 | D:1      | Gadfly the Gargoyle Fighter began the quest for the Orb.
     0 | D:1      | Reached XP level 1. HP: 14/14 MP: 1/1
    86 | D:1      | Found Zaysch's Weapon Shop.
   119 | D:1      | Reached XP level 2. HP: 19/19 MP: 2/2
   166 | D:1      | Reached skill level 1 in Invocations
   313 | D:1      | Reached XP level 3. HP: 13/23 MP: 3/3
   362 | D:1      | Reached skill level 1 in Evocations
   949 | D:2      | Reached XP level 4. HP: 28/28 MP: 5/5
  1814 | D:3      | Noticed a phantom
  1827 | D:3      | Killed a phantom
  1828 | D:3      | Reached XP level 5. HP: 33/33 MP: 6/6
  1899 | D:3      | Found a faded altar of an unknown god.
  2371 | D:4      | Reached skill level 4 in Fighting
  2373 | D:4      | Reached XP level 6. HP: 22/38 MP: 7/7
  2415 | D:4      | Noticed Robin
  2441 | D:4      | Killed Robin
  2461 | D:4      | HP: 1/38 [orc wizard/magic dart (7)]
  2466 | D:4      | HP: 1/38 [hobgoblin[Robin] (2)]
  2558 | D:4      | Found a glowing drain.
  2562 | D:4      | Noticed Duvessa
  2564 | D:4      | Noticed Dowan
  2585 | D:4      | HP: 1/38 [Duvessa/puff of flame (11)]
  2586 | D:4      | Slain by Dowan

Illustrated notes

Levels and vault maps discovered:
D:1:      psy_arrival_spokes, layout_basic, serial_shops, shop, minmay_unequal
D:2:      layout_basic, serial_rivers, chequers_serial_rivers_marsh,
          chequers_serial_rivers_small_a, chequers_serial_rivers_small_a,
          chequers_serial_rivers_small_b, minmay_gold_behind_fungi,
          minmay_misc_feat_tiny
D:3:      layout_basic, chequers_ecumenical_altar_lobes,
          minmay_misc_feat_columns
D:4:      layout_layer_cave, minmay_temple_entry_purple_smoke,
          cheibrodos_sewer_entry_sluice, nicolae_shop_distant_corner_stores,
          serial_bayou_crossing, uniq_grinder, uniq_sigmund, uniq_robin,
          uniq_duvessa

Skill      XL: |  1  2  3  4  5 |
---------------+----------------+-----
Invocations    | 1 2 |  2.9
Evocations     | 1 2 |  2.4
Maces & Flails | 3 |  3.5
Fighting       | 4 |  4.1
Armour         | |  3.9
Shields        | |  3.9

Action                     |  1- 3 |  4- 6 || total
---------------------------+-------+-------++-------
  Melee: Flail             |   118 |   186 ||   304
    Use: Scroll            |     3 |     4 ||     7
         Potion            |       |     1 ||     1
 Armour: Scale mail        |    82 |   185 ||   267
  Dodge: Dodged            |    59 |    96 ||   155
  Block: Buckler           |    37 |   125 ||   162
         Reflection        |     3 |     5 ||     8
